 Dungeon Crawl Stone Soup version 0.18-a0-1774-gce1f7b6 (webtiles) character file.

6971 namelastname112 the Geomancer (level 11, -5/78 HPs)
             Began as a Human Earth Elementalist on Apr 15, 2016.
             Was a Follower of Ashenzari.
             Shot with a sling bullet by Joseph (9 damage)
             ... on level 8 of the Dungeon.
             The game lasted 00:36:14 (13813 turns).

namelastname112 the Geomancer (HuEE)               Turns: 13813, Time: 00:36:15

Health: -5/78      AC: 11    Str:  9    XL:     11   Next: 28%
Magic:  11/23      EV: 14    Int: 19    God:    Ashenzari [*.....]
Gold:   421        SH:  0    Dex: 13    Spells: 6 memorised, 10 levels left

rFire  . . .     SeeInvis .     J - +2 trident (protect)
rCold  . . .     Gourm    .     a - +0 robe
rNeg   + . .     Faith    .     (no shield)
rPois  +         Spirit   .     A - +1 hat
rElec  .         Dismiss  .     N - +2 cloak (curse)
rCorr  .         Reflect  .     (no gloves)
SustAt .         Harm     .     (no boots)
MR     .....                    (no amulet)
Stlth  ++........               q - ring of poison resistance (curse)
                                e - ring of positive energy

@: not resistant to hostile enchantments, unstealthy
A: no striking features
a: Curse Item, Scrying, Renounce Religion


You were on level 8 of the Dungeon.
You worshipped Ashenzari.
Ashenzari was aware of your devotion.
You were very hungry.

You visited 1 branch of the dungeon, and saw 8 of its levels.

You collected 421 gold pieces.

Inventory:

Hand Weapons
 C - a +0 dagger of electrocution
 J - a +2 trident of protection (weapon)
Missiles
 b - 412 stones (quivered)
Armour
 a - a +0 robe (worn)
 A - a +1 hat (worn)
 N - a cursed +2 cloak (worn)
Jewellery
 e - a ring of positive energy (left hand)
 q - a cursed ring of poison resistance (right hand)
 r - an uncursed ring of positive energy
 y - an uncursed amulet of dismissal
Wands
 v - a wand of lightning (6/15)
 x - a wand of flame (18/48)
 M - a wand of flame (1/48)
Scrolls
 f - a scroll of noise {unknown}
 g - a scroll of enchant weapon {unknown}
 i - a scroll of fog {unknown}
 l - 3 scrolls of teleportation {unknown}
 o - 6 scrolls of immolation {unknown}
 u - a scroll of fear {unknown}
 w - 6 scrolls of identify {unknown}
 z - a scroll of vulnerability {unknown}
 G - a scroll of recharging {unknown}
 H - 2 scrolls of random uselessness {unknown}
 I - 2 scrolls of magic mapping {unknown}
Potions
 k - 2 potions of brilliance
 m - a potion of berserk rage {unknown}
 n - a potion of degeneration {unknown}
 p - 4 potions of lignification
 s - 6 potions of curing
 t - a potion of invisibility {unknown}
 B - 2 potions of cancellation {unknown}
 D - a potion of mutation {unknown}
 F - a potion of haste
 P - a potion of might {unknown}
Books
 c - a book of Geomancy

   Spells                             Type                      Level
   a - Sandblast                      Earth                        1
   b - Passwall                       Transmutation/Earth          2
   c - Stone Arrow                    Conjuration/Earth            3
   d - Petrify                        Transmutation/Earth          4
   e - Lee's Rapid Deconstruction     Earth                        5
 h - a book of the Dragon

   Spells                             Type                      Level
   a - Flame Tongue                   Conjuration/Fire             1
   b - Cause Fear                     Hexes                        4
   c - Bolt of Fire                   Conjuration/Fire             6
   d - Dragon Form                    Transmutation                7
   e - Dragon's Call                  Summoning                    9
 j - a book of Cantrips

   Spells                             Type                      Level
   a - Corona                         Hexes                        1
   b - Animate Skeleton               Necromancy                   1
   c - Summon Small Mammal            Summoning                    1
   d - Apportation                    Translocation                1
 E - a book of Death

   Spells                             Type                      Level
   a - Corpse Rot                     Necromancy                   2
   b - Sublimation of Blood           Necromancy                   2
   c - Agony                          Necromancy                   5
   d - Dispel Undead                  Necromancy                   5
   e - Excruciating Wounds            Charms/Necromancy            5
   f - Bolt of Draining               Conjuration/Necromancy       5
 L - a book of Spatial Translocations

   Spells                             Type                      Level
   a - Apportation                    Translocation                1
   b - Blink                          Translocation                2
   c - Shroud of Golubria             Charms/Translocation         2
   d - Portal Projectile              Translocation                3
   e - Teleport Other                 Translocation                3
   f - Passage of Golubria            Translocation                4
Comestibles
 d - 3 bread rations
 K - a slice of pizza


   Skills:
 + Level 4.7 Fighting
 + Level 5.3 Dodging
 - Level 2.0 Stealth
 + Level 8.3 Spellcasting
 - Level 2.4 Transmutations
 * Level 12.2 Earth Magic


You had 10 spell levels left.
You knew the following spells:

 Your Spells              Type           Power        Failure   Level  Hunger
a - Blink                 Tloc           N/A          14%         2    None
c - Petrify               Trmt/Erth      #####...     6%          4    ###....
e - Apportation           Tloc           #.........   10%         1    None
s - Lee's Rapid Deconstr  Erth           ######....   1%          5    #####..
x - Stone Arrow           Conj/Erth      ####..       1%          3    None
z - Sandblast             Erth           ######       1%          1    None


Dungeon Overview and Level Annotations

Branches:
Dungeon (8/15)             Temple (0/1) D:4
   Lair: D:8-11

Altars:
Ashenzari
Elyvilon
Makhleb
Qazlal
Trog
Vehumet
Xom

Annotations:
D:4 Chiseanne's ghost, novice DsMo; Edmund
D:8 Joseph


Message History

The shadow imp is heavily wounded.
The shadow imp barely misses you. x2
The shadow imp gestures at you.
You struggle to resist.
The shadow imp hits you.
You take 3 damage, and have 32/78 hp.
The shadow imp gestures at you. Pain shoots through your body!
You take 4 damage, and have 28/78 hp.
Joseph shoots a sling bullet.
The sling bullet hits you!!
* * * LOW HITPOINT WARNING * * *
The sling bullet burns you!
* * * LOW HITPOINT WARNING * * *
The shadow imp grinds its teeth.
You see here a sling bullet.
You take 27 damage, and have 2/78 hp.
MASSIVE DAMAGE!!
Drink which item? (? for menu, Esc to quit)
Okay, then.
Joseph shoots a sling bullet.
The sling bullet hits you!
You die...

..# ########(.###.........#.#
### ##@###.........#.#
#..##......)..#.#
#############.##.........#.#
###.....÷.....#.##÷........#.#
#..)......)##.#.5#.........#.#
#..........##.##.#.........#.#
#..........##.##.#.#########[#
#..........##.##@#.# #.#
#...........#....#.# #.#
#...........###..#.# #.#
#...........# #..#.# #[#
#...........# #....# ###
#.#### ########....# #.#..#
#.# #..... #......#
#.#..###.## ######
######......###...>.....#
...).........##...####..#


You could see Joseph and a shadow imp.

Vanquished Creatures
  Erica (D:8)
  4 iron golems (D:8)
  Prince Ribbit (D:8)
  Grum (D:8)
  A hippogriff (D:8)
  Menkaure (D:6)
  Duvessa (D:6)
  An ice beast (D:7)
  3 orc warriors
  A black bear (D:8)
  2 ogres (D:4)
  A necrophage (D:7)
  A centaur (D:8)
  4 wolves (D:8)
  A big kobold (D:7)
  A gnoll sergeant (D:7)
  A wyvern zombie (D:8)
  A giant frog (D:4)
  2 scorpions (D:4)
  Dowan (D:6)
  11 wights
  5 crimson imps
  4 hounds
  A jelly (D:6)
  3 orc priests
  A giant frog skeleton (D:7)
  7 orc wizards
  2 centaur skeletons
  Terence (D:3)
  An iguana (D:6)
  12 worker ants
  A hound skeleton (D:8)
  A worker ant zombie (D:5)
  4 gnolls
  9 adders
  A shadow imp (D:8)
  2 oozes (D:1)
  2 adder skeletons
  9 worms
  2 dart slugs
  3 giant geckos
  24 orcs
  5 giant cockroaches
  11 goblins
  5 hobgoblins
  8 jackals
  18 kobolds
  A quokka (D:3)
  5 ball pythons
  7 bats
  A giant gecko zombie (D:6)
  7 giant newts
  A quokka zombie (D:5)
  9 rats
214 creatures vanquished.

Notes
Turn   | Place    | Note
--------------------------------------------------------------
     0 | D:1      | namelastname112 the Human Earth Elementalist began the quest for the Orb.
     0 | D:1      | Reached XP level 1. HP: 13/13 MP: 3/3
   231 | D:1      | Reached XP level 2. HP: 19/19 MP: 0/5
   454 | D:1      | Reached XP level 3. HP: 24/24 MP: 4/6
   574 | D:1      | Learned a level 3 spell: Stone Arrow
   945 | D:2      | Found a shattered altar of Ashenzari.
  1035 | D:2      | HP: 1/24 [worm (9)]
  1262 | D:2      | Reached XP level 4. HP: 24/30 MP: 5/8
  1285 | D:2      | Reached skill level 4 in Earth Magic
  1317 | D:2      | casual: Я пока нашёл только как это в оффлайн-версии сделать.
  1430 | D:2      | namelastname112: в онлайне не пашет?
  1771 | D:2      | Became a worshipper of Ashenzari the Shackled
  2243 | D:2      | casual: У меня что-то от этой херни онлайн завис.
  2400 | D:2      | Reached XP level 5. HP: 34/35 MP: 7/10
  2915 | D:3      | Found a shimmering altar of Xom.
  3320 | D:3      | Noticed Terence
  3333 | D:3      | Killed Terence
  3333 | D:3      | Reached skill level 5 in Earth Magic
  3401 | D:3      | Reached XP level 6. HP: 41/41 MP: 6/11
  3581 | D:3      | Found a shimmering altar of Xom.
  3583 | D:3      | Found a shimmering altar of Xom.
  3588 | D:3      | Found a shimmering altar of Xom.
  3754 | D:3      | Noticed a moth of wrath
  3757 | D:3      | Found a bloodstained altar of Trog.
  4116 | D:4      | Noticed an ogre
  4120 | D:4      | Killed an ogre
  4137 | D:4      | Found a staircase to the Ecumenical Temple.
  4164 | D:4      | HP: 2/41 [orc/club (3)]
  4226 | D:3      | Reached XP level 7. HP: 11/46 MP: 7/13
  4591 | D:4      | Reached skill level 6 in Earth Magic
  4772 | D:4      | casual: В общем, в оффлайне есть кнопка -
  4795 | D:4      | casual: Она это делает. А насчёт онлайна я у девов спросил, жду ответа.
  4936 | D:4      | Noticed Chiseanne's ghost (novice DsMo)
  6147 | D:4      | Reached skill level 7 in Earth Magic
  6210 | D:4      | Noticed Edmund
  6298 | D:4      | Reached skill level 5 in Spellcasting
  6298 | D:4      | Reached XP level 8. HP: 12/52 MP: 5/15
  6492 | D:4      | Found a white marble altar of Elyvilon.
  6718 | D:5      | Entered Level 5 of the Dungeon
  6853 | D:5      | Learned a level 5 spell: Lee's Rapid Deconstruction
  6858 | D:5      | Learned a level 4 spell: Petrify
  6985 | D:5      | Reached skill level 8 in Earth Magic
  7631 | D:6      | Found a stormy altar of Qazlal.
  7635 | D:6      | Noticed Menkaure
  7644 | D:6      | Killed Menkaure
  7881 | D:6      | Noticed Duvessa
  7884 | D:6      | Noticed Dowan
  8052 | D:6      | Killed Dowan
  8136 | D:6      | Reached XP level 9. HP: 57/57 MP: 11/18
  8328 | D:6      | Reached * piety under Ashenzari
  8434 | D:6      | Killed Duvessa
  8434 | D:6      | Reached skill level 9 in Earth Magic
  9233 | D:6      | xeno23: кто сильней
  9256 | D:6      | Found a white marble altar of Elyvilon.
  9342 | D:6      | xeno23: зомби или скелет?
  9346 | D:6      | namelastname112: зомби
  9474 | D:6      | namelastname112: @??goblin zombie
  9474 | D:6      | beem: goblin zombie (Z)
                  | Spd:
     8 | HD: 1    | HP: 7-10
                  | AC/EV: 0/7
                  | Dam: 3
                  | undead, evil, unbreathing
                  | Res: magic(1), cold++, poison+++, drown, rot, neg+++, torm
                  | Vul: holy++
                  | XP:
     1 | Sz: small | Int: brainless.
  9474 | D:6      | xeno23: ну логично
  9474 | D:6      | namelastname112: ??goblin skeleton
  9474 | D:6      | beem: I don't have a page labeled goblin_skeleton in my learndb.
  9474 | D:6      | namelastname112: @??goblin skeleton
  9474 | D:6      | casual: Зомби сильнее, но скелет быстрее.
  9474 | D:6      | beem: goblin skeleton (Z)
                  | Spd:
     8 | HD: 1    | HP: 6-8
                  | AC/EV: 0/5
                  | Dam: 3
                  | undead, evil, unbreathing
                  | Res: magic(1), cold++, poison+++, drown, rot+++, neg+++, torm
                  | Vul: holy++
                  | XP:
     1 | Sz: small | Int: brainless.
  9474 | D:6      | namelastname112: @??caustic shrike zombie
  9474 | D:6      | beem: caustic shrike zombie (Z)
                  | Spd:
    18 | HD: 18   | HP: 133-178
                  | AC/EV: 6/13
                  | Dam: 28
                  | undead, evil, unbreathing
                  | Res: magic(24), cold++, poison+++, drown, rot, neg+++, torm
                  | Vul: holy++
                  | XP:
  1618 | Sz: tiny | Int: brainless.
  9474 | D:6      | namelastname112: @??caustic shrike skeleton
  9474 | D:6      | beem: caustic shrike skeleton (Z)
                  | Spd:
    18 | HD: 18   | HP: 110-147
                  | AC/EV: 2/11
                  | Dam: 28
                  | undead, evil, unbreathing
                  | Res: magic(24), cold++, poison+++, drown, rot+++, neg+++, torm
                  | Vul: holy++
                  | XP:
  1446 | Sz: tiny | Int: brainless.
  9474 | D:6      | casual: Хм.
  9474 | D:6      | casual: %0.14?ogre zombie
  9474 | D:6      | beem: ogre zombie (z)
                  | Spd:
     8 | HD: 5    | HP: 30-53
                  | AC/EV: 0/1
                  | Dam: 14
                  | undead, evil
                  | Res: magic(6), cold++, poison+++, drown, rot, neg+++, torm
                  | Vul: holy++
                  | XP:
    25 | Sz: Large | Int: plant.
  9474 | D:6      | casual: %0.14?ogre skeleton
  9484 | D:6      | beem: ogre skeleton (z)
                  | Spd:
     8 | HD: 5    | HP: 25-44
                  | AC/EV: 0/0
                  | Dam: 14
                  | undead, evil
                  | Res: magic(6), cold++, poison+++, drown, rot+++, neg+++, torm
                  | Vul: holy++
                  | XP:
    22 | Sz: Large | Int: plant.
  9494 | D:7      | casual: Хм. Одинаковая скорость.
  9500 | D:7      | casual: А вроде ж так было.
  9526 | D:7      | casual: Или это у меня глюк.
 10020 | D:7      | Reached skill level 10 in Earth Magic
 11001 | D:7      | Reached skill level 1 in Fighting
 11002 | D:7      | casual: БЛИН Я ДЕБИЛ
 11009 | D:7      | casual: ДУМАЛ ЕСТЬ СВИТКИ ТЕЛЕ И ПОЛЕЗ В ЖОПУ
 11108 | D:7      | namelastname112: лол блять
 11108 | D:7      | namelastname112: у меня так же было как-то
 11108 | D:7      | namelastname112: кончилось тем, что меня в абисс отправили
 11108 | D:7      | casual: Теперь сижу с 33 хп, вокруг адов ад, как выживать хз.
 11108 | D:7      | namelastname112: и там мне было норм
 11108 | D:7      | xeno23: ну если теле нет, то можно со спокойной совестью дохнуть
 11108 | D:7      | xeno23: не твоя вина что не заспавнились
 11158 | D:7      | Learned a level 1 spell: Apportation
 11161 | D:7      | Learned a level 2 spell: Blink
 11161 | D:7      | Found a burning altar of Makhleb.
 11168 | D:7      | Found a radiant altar of Vehumet.
 11215 | D:7      | casual: Я попробовал их бабахнуть, но не хватило 1 хода.
 11217 | D:7      | casual: Убили.
 11376 | D:7      | Reached XP level 10. HP: 66/66 MP: 9/20
 11396 | D:8      | Noticed an iron golem
 11396 | D:8      | Noticed an iron golem
 11396 | D:8      | Noticed an iron golem
 11396 | D:8      | Noticed an iron golem
 11403 | D:8      | namelastname112: это че за хуйня
 11410 | D:8      | casual: 4 голема по углам.
 11420 | D:8      | casual: Они медленные, но сильные.
 11455 | D:8      | namelastname112: @??iron golem
 11455 | D:8      | beem: iron golem (8)
                  | Spd:
     7 | HD: 15   | HP: 110-159
                  | AC/EV: 15/3
                  | Dam: 35
                  | non-living, doors, unbreathing
                  | Res: magic(immune), fire+++, cold+++, elec+++, poison+++, drown, rot+++, neg+++, torm
                  | XP:
   807 | Sz: Large | Int: brainless.
 11455 | D:8      | namelastname112: а че они тут забыли
 11467 | D:8      | Killed an iron golem
 11474 | D:8      | casual: Волт же.
 11475 | D:8      | casual: Я ж говорю — по углам четыре голема.
 11475 | D:8      | casual: Мне попадался пару раз.
 11475 | D:8      | namelastname112: чето я хуйню сделал
 11475 | D:8      | casual: Плюсую.
 11839 | D:8      | namelastname112: хитрый план
 11887 | D:8      | casual: Ну я в итоге потырил лут и убил их потом, пять уровней спустя.
 11927 | D:8      | Killed an iron golem
 11927 | D:8      | Reached skill level 11 in Earth Magic
 12165 | D:8      | Killed an iron golem
 12316 | D:8      | incide: роботы-ебоботы
 12324 | D:8      | Killed an iron golem
 12474 | D:8      | Noticed Prince Ribbit
 12476 | D:8      | Killed Prince Ribbit
 12486 | D:8      | Noticed Joseph
 12767 | D:8      | Reached XP level 11. HP: 69/77 MP: 4/22
 12887 | D:8      | Noticed Grum
 12902 | D:8      | Killed Grum
 13367 | D:8      | Noticed Erica
 13383 | D:8      | Killed Erica
 13383 | D:8      | Reached skill level 5 in Dodging
 13383 | D:8      | Reached skill level 12 in Earth Magic
 13805 | D:8      | HP: 2/78 [Joseph/sling bullet (7)]
 13813 | D:8      | Shot with a sling bullet by Joseph

Vault maps used:
D:1:      dpeg_arrival_stonehenge_8_columns
D:2:      nicolae_ashenzari_panopticon
D:3:      tgw_trog, xom_redecorated, uniq_terence
D:4:      temple_green, elyvilon_altar_3, uniq_edmund
D:5:      first_bread
D:6:      kennysheep_mini, grunt_qazlal_sundering, minmay_misc_feat_chi,
          uniq_duvessa, uniq_menkaure
D:7:      grunt_temple_overflow_lords_of_destruction
D:8:      cheibrodos_stairvault_heist, hangedman_tree_tricks,
          uniq_prince_ribbit1, uniq_joseph, uniq_erica, uniq_grum

Skill      XL: |  1  2  3  4  5  6  7  8  9 10 11 |
---------------+----------------------------------+-----
Spellcasting   | 3 4 5 6 7 8 |  8.3
Earth Magic    | 4 5 7 8 10 11 12 | 12.2
Transmutations | 2 |  2.4
Fighting       | 1 4 |  4.7
Dodging        | 4 5 |  5.3
Stealth        | |  2.0

Action                   |  1- 3 |  4- 6 |  7- 9 | 10-12 || total
-------------------------+-------+-------+-------+-------++-------
Melee: Unarmed           |    15 |       |    12 |       ||    27
       Spear             |    27 |    33 |       |       ||    60
       Dagger            |       |       |   142 |       ||   142
       Trident           |       |       |     1 |    21 ||    22
Throw: Stone             |       |     1 |       |       ||     1
 Cast: Sandblast         |    47 |   156 |    80 |     2 ||   285
       Stone Arrow       |       |       |    94 |    23 ||   117
       Petrify           |       |       |     8 |     3 ||    11
       Lee's Rapid Decon |       |       |    32 |    47 ||    79
       Blink             |       |       |       |     5 ||     5
Invok: Curse Item        |       |       |       |     2 ||     2
  Use: Potion            |       |       |     4 |       ||     4
  Eat: Chunk             |       |    10 |    20 |     6 ||    36
       Meat ration       |       |       |     3 |       ||     3
       Fruit             |       |       |     2 |       ||     2
       Bread ration      |       |       |     1 |     2 ||     3
Armor: Robe              |    20 |    23 |    44 |    29 ||   116
       Skin              |       |       |     9 |       ||     9
Dodge: Dodged            |    47 |    83 |   121 |    65 ||   316
